 Dungeon Crawl Stone Soup version 0.30-a0-141-g30f27751c5 (webtiles) character file.

Game seed: 16927674095642955658

102 qw the Chopper (level 4, -1/28 HPs)
             Began as a Gargoyle Fighter on Sept 25, 2022.
             Slain by Terence
             ... wielding a +0 short sword
              (2 damage)
             ... on level 2 of the Dungeon.
             The game lasted 00:00:34 (1665 turns).

qw the Chopper (Gargoyle Fighter)                   Turns: 1665, Time: 00:00:35

Health: -1/28      AC: 11    Str: 22    XL:     4   Next: 77%
Magic:  4/4        EV:  9    Int:  8    God:
Gold:   52         SH:  4    Dex:  9    Spells: 3/3 levels left

rFire   + . .      SeeInvis .    Y - +0 war axe
rCold   . . .      Faith    .    c - +0 buckler
rNeg    + . .      Spirit   .    b - +0 scale mail
rPois   inf        Reflect  .    k - +0 helmet
rElec   +          Harm     .    (no cloak)
rCorr   +          Rampage  .    (no gloves)
Will    .....                    (no boots)
Stlth   ..........               o - amulet of the acrobat
HPRegen 0.09/turn                m - ring of resist corrosion
MPRegen 0.09/turn                (no ring)

@: about to teleport
A: sickness immunity, AC +3, negative energy resistance 1, electricity
resistance, torment resistance 1, petrification resistance, fire resistance 1,
sense surroundings 1, wild magic 1
a: no special abilities


You were on level 2 of the Dungeon.
You visited 1 branch of the dungeon, and saw 3 of its levels.

You collected 52 gold pieces.


Innate Abilities, Weirdness & Mutations

You are immune to sickness and miasma.
Your stone body is resilient. (AC +3)
You are immune to poison.
You resist negative energy. (rN+)
You are resistant to electric shocks. (rElec)
You are resistant to unholy torment.
You are immune to petrification.
Your flesh is heat resistant. (rF+)
You passively map a small area around you.
Your spells are a little harder to cast, but a little more powerful.


   Skills:
 - Level 3.2 Fighting
 + Level 4.3 Axes
 - Level 3.2 Armour
 - Level 3.2 Shields


You had 3 spell levels left.
You didn't know any spells.
Your spell library was empty.

Inventory:

Hand Weapons
 e - a +0 club
 Y - a +0 war axe (weapon)
Armour
 b - a +0 scale mail (worn)
 c - a +0 buckler (worn)
 k - a +0 helmet (worn)
Jewellery
 m - a ring of resist corrosion (left hand)
 o - an amulet of the acrobat (around neck)
Scrolls
 a - a scroll of identify
Potions
 d - a potion of might
 g - a potion of mutation
 i - a potion of curing {unknown}
 j - a potion of magic {unknown}
 l - a potion of brilliance {unknown}
 n - a potion of flight {unknown}

Dungeon Overview and Level Annotations

Branches:
Dungeon (3/15)

Altars:
Vehumet

Annotations:
D:2 Terence


Message History

Done exploring.
(D) Dungeon
Where to? (* - list waypoints, Enter - D:3, ? - help)
What level of the Dungeon? (default 1, ? - help)
You climb downwards.
Level annotation: Terence The endoplasm quivers.
Terence says, "How do you enjoy it?" Terence hits you but does no damage.
The gnoll hits you but does no damage.
There is a stone staircase leading up here.
1658 ||| STAIRDANCE Terence hits you but does no damage.
The gnoll hits you with a +0 club.
You climb upwards.
There is a stone staircase leading down here.
You barely miss Terence. You barely miss the gnoll. You closely miss the gnoll.
The gnoll hits you with a +0 flail. Terence hits you with a +0 short sword!
The gnoll barely misses you.
You closely miss Terence. You slash the gnoll!
You hit the gnoll but do no damage. The gnoll hits you with a +0 flail.
You block Terence's attack. The gnoll barely misses you.
The gnoll hits you with a +0 flail. Terence hits you with a +0 short sword.
The gnoll hits you but does no damage.
1662 ||| READING scroll of teleportation.
As you read the scroll of teleportation, it crumbles to dust.
You feel strangely unstable. The gnoll hits you but does no damage.
Terence hits you but does no damage. The gnoll barely misses you.
You slash the gnoll!
You kill the gnoll!
You closely miss the gnoll. You hit Terence but do no damage.
The gnoll hits you with a +0 flail. Terence barely misses you.
You slash Terence!
Terence is heavily wounded.
You barely miss the gnoll. The gnoll closely misses you.
Terence barely misses you.
You hit Terence.
Terence is heavily wounded.
You barely miss the gnoll. The gnoll hits you with a +0 flail.
Terence hits you with a +0 short sword.
You die...

#.#...##.......# ##.........
......##....##.#### #..........
#.#.####....##....#####..........
....# #....#####....##..........
..### #....### ####.............
.## #......###................ .#
##..........####..........%
.######.....#.#########..........
.<%.....##.##..#@g......#.....#..
.########......@)########..######
.### #..###..## #.....# ...##
###..###..######.....# ####
....###....##..............# #...
....................##....## #...
.....#.#%#..##...>..#####.####...
.........#...##..................
.....#.#...#.##.###......####....


You could see Terence and a gnoll.

Vanquished Creatures
  2 gnolls (D:2)
  4 adders (D:2)
  2 worms (D:2)
  3 dart slugs
  2 bats
  3 endoplasms (D:1)
  3 giant cockroaches
  4 hobgoblins
  A ball python (D:2)
  2 frilled lizards (D:1)
  3 kobolds
  8 rats
37 creatures vanquished.

Notes
Turn   | Place    | Note
-------+----------+-------------------------------------------
     0 | D:1      | qw the Gargoyle Fighter began the quest for the Orb.
     0 | D:1      | Reached XP level 1. HP: 14/14 MP: 1/1
     0 | D:1      | 0 ||| qw: Version: 0.2-a-10-g399e6c4
     0 | D:1      | 0 ||| qw: Game counter: 281
     0 | D:1      | 0 ||| qw: Always use a shield: true
     0 | D:1      | 0 ||| qw: God list: Okawaru
     0 | D:1      | 0 ||| qw: Allow faded altars: false
     0 | D:1      | 0 ||| qw: Do Orc after D:15 true
     0 | D:1      | 0 ||| qw: Do second Lair branch before Depths: true
     0 | D:1      | 0 ||| qw: Lair rune preference: random
     0 | D:1      | 0 ||| qw: Plans: Normal, Zot:1-4, God:TSO, Crypt, Tomb,
                  | Pan, Slime:5, Hells, Abyss, Orb
     0 | D:1      | 0 ||| PLANNING D:1-11
    85 | D:1      | Reached skill level 2 in Axes
   327 | D:1      | Found a faded altar of an unknown god.
   364 | D:1      | Reached XP level 2. HP: 19/19 MP: 2/2
   835 | D:1      | 835 ||| READING 2 scrolls labelled FATEUR POSHE.
   836 | D:1      | 836 ||| READING 2 scrolls labelled GEARO CAMNY.
   841 | D:1      | 841 ||| READING scroll labelled XAACWI ECLEE.
   842 | D:1      | 842 ||| READING scroll labelled ODAAGI BICUKLA.
   860 | D:2      | 860 ||| STAIRDANCE
   866 | D:2      | 866 ||| STAIRDANCE
   870 | D:1      | Reached skill level 3 in Axes
   926 | D:2      | Reached XP level 3. HP: 23/23 MP: 3/3
   943 | D:2      | 943 ||| Stepping ~*~*~tactically~*~*~ (stealth).
  1130 | D:2      | Found a radiant altar of Vehumet.
  1143 | D:2      | Identified the +0 robe of Jocular Lucidity {rC+}
  1158 | D:2      | Reached XP level 4. HP: 23/28 MP: 4/4
  1324 | D:2      | Reached skill level 4 in Axes
  1492 | D:2      | 1492 ||| UPGRADING to +0 helmet.
  1497 | D:2      | 1497 ||| UPGRADING to amulet of the acrobat.
  1502 | D:2      | 1502 ||| UPGRADING to ring of resist corrosion.
  1503 | D:2      | 1503 ||| READING scroll labelled KUXI XENGAO.
  1504 | D:2      | 1504 ||| READING scroll labelled QECA TEZXASA.
  1505 | D:2      | 1505 ||| READING scroll labelled RUSOWU TEHU.
  1558 | D:2      | 1558 ||| DRINKING 2 smoky golden potions.
  1558 | D:2      | Gained mutation: Your spells are a little harder to cast,
                  | but a little more powerful. [potion of mutation]
  1558 | D:2      | Gained mutation: You passively map a small area around you.
                  | [potion of mutation]
  1558 | D:2      | Gained mutation: Your flesh is heat resistant. (rF+)
                  | [potion of mutation]
  1576 | D:3      | Noticed Terence
  1579 | D:3      | 1579 ||| STAIRDANCE
  1658 | D:3      | 1658 ||| STAIRDANCE
  1661 | D:2      | HP: 6/28 [Terence/+0 short sword (2)]
  1662 | D:2      | 1662 ||| READING scroll of teleportation.
  1663 | D:2      | HP: 2/28 [gnoll/+0 flail (4)]
  1665 | D:2      | Slain by Terence

Levels and vault maps discovered:
D:1:      nzn_arrival_settlement, layout_basic, ebering_ecumenical_altar_box,
          patterned_corridor
D:2:      layout_rooms, basic_altar, serial_glass, glass_columns_a,
          glass_columns_a
D:3:      layout_basic, minmay_misc_feat_more_columns, uniq_terence,
          uniq_natasha

Skill      XL: |  1  2  3  4 |
---------------+-------------+-----
Axes           | 2 3 4 |  4.3
Fighting       | |  3.2
Armour         | |  3.2
Shields        | |  3.2

Action                   |  1- 3 |  4- 6 || total
-------------------------+-------+-------++-------
Melee: War axe           |    59 |    25 ||    84
  Use: Scroll            |     4 |     4 ||     8
       Potion            |       |     1 ||     1
Armor: Scale mail        |    25 |    13 ||    38
Dodge: Dodged            |    37 |    15 ||    52
Block: Buckler           |     7 |     3 ||    10

Table legend:
 A = Non-vault XP
 B = Vault XP
 C = Vault XP percentage of total XP
 D = Non-vault monster count
 E = Vault monster count
 F = Vault count percentage of total count
                 A         B        C        D         E       F
            +---------+---------+-------+---------+---------+-------
      Total |     146 |       0 |   0.0 |      37 |       0 |   0.0
            +---------+---------+-------+---------+---------+-------
        D:1 |      30 |       0 |   0.0 |      16 |       0 |   0.0
        D:2 |     116 |       0 |   0.0 |      21 |       0 |   0.0
            +---------+---------+-------+---------+---------+-------
